 Dungeon Crawl Stone Soup version 0.17-a0-1900-g45e8110 (webtiles) character file.

3319 kae the Severer (level 10, -9/77 HPs)
             Began as a Hill Orc Fighter on Sept 24, 2015.
             Was a Follower of Qazlal.
             Mangled by a spiny frog (16 damage)
             ... on level 1 of the Lair of Beasts.
             The game lasted 00:09:19 (8726 turns).

kae the Severer (Hill Orc Fighter)                  Turns: 8726, Time: 00:09:19

Health: -9/77      AC: 14    Str: 20    XL:     10   Next: 2%
Magic:  10/10      EV:  7    Int:  8    God:    Qazlal [*.....]
Gold:   437        SH: 11    Dex: 13    Spells: 0 memorised, 9 levels left

rFire  . . .     SeeInvis +     a - +1 war axe
rCold  . . .     Clarity  +     A - +4 scale mail
rNeg   . . .     SustAt   +     c - +0 shield
rPois  .         Gourm    .     E - +1 helmet
rElec  .         Spirit   .     (no cloak)
rCorr  .         Warding  .     (no gloves)
rMut   .         Stasis   .     D - +0 pair of boots
MR     .....                    (no amulet)
Stlth  ..........               g - ring of see invisible
                                u - ring of sustain attributes

@: about to teleport, not resistant to hostile enchantments, extremely
unstealthy
A: hooves 1, clarity, wild magic 1
a: Renounce Religion


You were on level 1 of the Lair of Beasts.
You worshipped Qazlal.
Qazlal was aware of your devotion.
You were hungry.

You visited 2 branches of the dungeon, and saw 9 of its levels.

You collected 437 gold pieces.

Inventory:

Hand weapons
 a - a +1 war axe (weapon)
Armour
 b - a +1 scale mail
 c - a +0 shield (worn)
 A - a +4 scale mail (worn)
 D - a +0 pair of boots (worn)
 E - a +1 helmet (worn)
Jewellery
 g - a ring of see invisible (right hand)
 k - an uncursed amulet of faith
 l - an uncursed ring of wizardry
 o - an uncursed ring of protection from fire
 r - an uncursed ring of stealth
 u - a ring of sustain attributes (left hand)
Magical devices
 j - a wand of random effects (8)
Scrolls
 i - 4 scrolls of remove curse
 m - 2 scrolls of fog
 n - 3 scrolls of recharging
 q - 4 scrolls of teleportation
 y - 4 scrolls of identify
 C - a scroll of enchant armour
Potions
 d - a potion of cancellation
 f - 3 potions of curing
 t - a potion of magic
 v - a potion of flight
 z - a potion of resistance {unknown}
 F - a potion of brilliance
Books
 w - a book of Callings

   Spells                             Type                      Level
   a - Summon Small Mammal            Summoning                    1
   b - Call Imp                       Summoning                    2
   c - Call Canine Familiar           Summoning                    3
   d - Summon Guardian Golem          Hexes/Summoning              3
   e - Summon Lightning Spire         Summoning/Air                4
   f - Summon Ice Beast               Ice/Summoning                4
Comestibles
 e - 6 bread rations
 h - a slice of pizza
 p - 5 meat rations
 s - 2 fruits
 x - a beef jerky
 B - 5 chunks of flesh


   Skills:
 - Level 3.6 Fighting
 + Level 16.7 Axes
 - Level 3.2 Armour
 - Level 3.2 Shields


You had 9 spell levels left.
You didn't know any spells.

Dungeon Overview and Level Annotations

Branches:
Dungeon (8/15)             Temple (0/1) D:6            Lair (1/8) D:8

Altars:
Ashenzari
Cheibriados
Elyvilon
Fedhas
Gozag
Qazlal
Trog
Xom
Zin
The Shining One

Shops:
D:7 :

Annotations:
D:6 CipHuK's ghost, experienced OgAM
D:7 Prince Ribbit


Innate Abilities, Weirdness & Mutations

You have large cloven feet.
You possess an exceptional clarity of mind.
Your spells are a little harder to cast, but a little more powerful.


Message History

You are too injured to fight recklessly!
You hit the spiny frog.
The spiny frog is moderately wounded.
* * * LOW HITPOINT WARNING * * *
You feel sick.
The spiny frog stings you but does no damage.
You slash the spiny frog!
The spiny frog is severely wounded.
* * * LOW HITPOINT WARNING * * *
You feel sick.
The spiny frog stings you but does no damage.
Drink which item? (? for menu, Esc to quit)
You feel better. The spiny frog stings you!
* * * LOW HITPOINT WARNING * * *
Drink which item? (? for menu, Esc to quit)
Okay, then.
Read which item? (? for menu, Esc to quit)
As you read the scroll of teleportation, it crumbles to dust.
You feel strangely unstable. The spiny frog stings you!
You die...

♣♣♣♣♣♣♣♣♣♣♣♣
♣..........♣
♣..........♣
♣..######..♣
♣..#⌠...#..♣
♣..'....#(.♣
♣..'..<.#..♣
♣..F.§..#..♣
♣..#@...#..♣
♣..######..♣
♣....†..†..♣
♣....†.....♣
♣♣♣♣♣F..♣♣♣♣
♣...♣ ♣.....♣
...........
..........(..


You could see a spiny frog.

Vanquished Creatures
  A spiny frog (Lair:1)
  The ghost of Anothat the Covert, an experienced VSMo (D:5)
  A komodo dragon (Lair:1)
  An ice beast (D:8)
  2 orc warriors (D:8)
  A phantom (D:5)
  3 sky beasts
  4 ogres
  2 centaurs (D:6)
  A big kobold (D:7)
  A gnoll sergeant (D:7)
  A giant frog (D:6)
  4 scorpions
  5 killer bees
  A jelly (D:5)
  A quasit (D:8)
  A giant frog zombie (D:6)
  An orc wizard (D:4)
  2 hounds (D:8)
  A giant frog skeleton (D:5)
  An iguana (D:6)
  2 crimson imps
  4 orc priests
  8 worker ants
  6 gnolls
  9 river rats (Lair:1)
  7 adders
  An ooze (D:2)
  3 worms
  2 giant geckos
  12 orcs
  2 giant cockroaches
  3 hobgoblins (D:2)
  12 jackals
  5 quokkas
  A ball python (D:2)
  4 bats
  3 giant newts
  6 goblins
  A jackal skeleton (D:4)
  9 kobolds
  A quokka zombie (D:7)
  8 rats
145 creatures vanquished.

Vanquished Creatures (others)
  2 fungi (Lair:1)
  2 plants (Lair:1)
4 creatures vanquished.

Grand Total: 149 creatures vanquished

Notes
Turn   | Place    | Note
--------------------------------------------------------------
     0 | D:1      | kae the Hill Orc Fighter began the quest for the Orb.
     0 | D:1      | Reached XP level 1. HP: 19/19 MP: 1/1
    36 | D:1      | Reached XP level 2. HP: 16/26 MP: 2/2
   195 | D:1      | Reached skill level 4 in Axes
   287 | D:1      | Reached XP level 3. HP: 22/31 MP: 3/3
  1078 | D:2      | Reached skill level 5 in Axes
  1321 | D:2      | Reached XP level 4. HP: 35/39 MP: 4/4
  1859 | D:2      | Reached skill level 6 in Axes
  2335 | D:3      | You fall through a shaft for 2 floors!
  2335 | D:5      | Entered Level 5 of the Dungeon
  2335 | D:5      | Noticed an ogre
  2339 | D:5      | Killed an ogre
  2339 | D:5      | Reached skill level 7 in Axes
  2339 | D:5      | Reached XP level 5. HP: 15/45 MP: 5/5
  2340 | D:5      | Noticed Anothat's ghost (experienced VSMo)
  2343 | D:5      | Gained mutation: Your spells are a little harder to cast, but a little more powerful. [potion of mutation]
  2343 | D:5      | Gained mutation: You have large cloven feet. [potion of mutation]
  2343 | D:5      | Gained mutation: You possess an exceptional clarity of mind. [potion of mutation]
  2359 | D:5      | Killed Anothat's ghost
  2359 | D:5      | Reached skill level 9 in Axes
  2359 | D:5      | Reached XP level 6. HP: 17/51 MP: 6/6
  2686 | D:4      | Found a stormy altar of Qazlal.
  2773 | D:4      | Reached XP level 7. HP: 52/57 MP: 7/7
  2779 | D:4      | Reached skill level 10 in Axes
  3793 | D:5      | Found a shattered altar of Ashenzari.
  3945 | D:5      | Noticed a phantom
  3970 | D:5      | Killed a phantom
  3970 | D:5      | Reached skill level 11 in Axes
  4107 | D:5      | Noticed an ogre
  4114 | D:5      | Killed an ogre
  4146 | D:5      | Reached XP level 8. HP: 55/64 MP: 8/8
  4205 | D:5      | Found a blossoming altar of Fedhas.
  4228 | D:5      | Noticed Prince Ribbit
  4553 | D:5      | Found an opulent altar of Gozag.
  4597 | D:5      | Found a shimmering altar of Xom.
  4906 | D:4      | Became a worshipper of Qazlal Stormbringer
  4926 | D:5      | Reached skill level 12 in Axes
  4997 | D:6      | Found a staircase to the Ecumenical Temple.
  5507 | D:6      | Reached skill level 13 in Axes
  5558 | D:6      | Found a sand-covered staircase.
  5644 | D:6      | Noticed CipHuK's ghost (experienced OgAM)
  6356 | D:7      | Found Jebba's Book Shoppe.
  6369 | D:7      | Reached skill level 14 in Axes
  6369 | D:7      | Reached XP level 9. HP: 61/70 MP: 9/9
  7173 | D:7      | Acquired Qazlal's first power
  7599 | D:8      | Found a bloodstained altar of Trog.
  7659 | D:8      | Reached skill level 15 in Axes
  8147 | D:8      | Found a staircase to the Lair.
  8159 | D:8      | Found a white marble altar of Elyvilon.
  8159 | D:8      | Found a glowing golden altar of the Shining One.
  8162 | D:8      | Found a glowing silver altar of Zin.
  8358 | D:8      | Found a snail-covered altar of Cheibriados.
  8511 | Lair:1   | Entered Level 1 of the Lair of Beasts
  8511 | Lair:1   | Noticed a komodo dragon
  8520 | Lair:1   | Killed a komodo dragon
  8520 | Lair:1   | Reached skill level 16 in Axes
  8686 | Lair:1   | Noticed a spiny frog
  8705 | Lair:1   | Killed a spiny frog
  8705 | Lair:1   | Reached XP level 10. HP: 44/77 MP: 10/10
  8720 | Lair:1   | Noticed a spiny frog
  8726 | Lair:1   | Mangled by a spiny frog

Vault maps used:
D:1:      minmay_arrival_four_loops
D:2:      minmay_cut_off
D:3:      lexackson_kobold_supper
D:4:      nicolae_qazlal_general_emergency
D:5:      fedhas_altar_fruit_tree, ashenzari_altar_1, lemuel_round_altar,
          nicolae_gozag_cash_rules_everything_around_me, first_bread,
          uniq_prince_ribbit1
D:6:      minmay_temple_entry_mist, enter_ossuary_2
D:7:      serial_shops, shop, abandoned_shop
D:8:      good_gods_temple_1, kennysheep_little_box,
          nicolae_overflow_hidden_temple, lair_0_dummy
Lair:1:   minmay_lair_venomous_thicket, lemuel_fruit_tree,
          bh_autumn_forest_stairs, lemuel_fruit_fields, serial_bayou_shore_b,
          uniq_erica

Action                   |  1- 3 |  4- 6 |  7- 9 | 10-12 || total
-------------------------+-------+-------+-------+-------++-------
Melee: War axe           |    97 |    94 |   471 |     5 ||   667
Evoke: Wand              |       |       |     1 |       ||     1
  Use: Scroll            |     1 |     2 |    12 |     1 ||    16
       Potion            |       |     5 |     3 |     1 ||     9
  Eat: Chunk             |     1 |     5 |    19 |       ||    25
